AoeStats
← El Destungador

Black Forest

510201885Analyzed
3v3 RM · 2d ago on Sep 29, 2026· 43m 26s· 6 players
Game mode
Random Map
Map size
Normal (6 player)
Population
200
Speed
Normal
Resources
Standard
Victory
Conquest
Starting age
Dark Age
Ending age
Imperial Age
RankedLock teamsTeams togetherTeam positionsShared explorationLock speedFull tech treeHidden civsTurbo modeCheats
Victory
Defeat
🇨🇱 Inca · Chile
969
+15
🇪🇸 Spanish · Spain
955
+16
🇬🇧 Saxons · United Kingdom
923
+17
🇹🇷 Vietnamese · Türkiye
982
-17
🇹🇷 Goths · Türkiye
943
-16
🇹🇷 Britons · Türkiye
915
-15
Baydoweyy
0:29 Loom
12:52 Feudal Age
14:24 Double-Bit Axe
14:26 Horse Collar
17:06 Castle Age
15:56 Stone Mining
15:57 Gold Mining
16:05 Stone Mining
18:07 Bow Saw
23:51 Heavy Plow
25:31 Caravan
31:15 Imperial Age
29:03 Scale Mail Armor
30:14 Anarchy
30:29 Forging
30:43 Squires
31:48 Iron Casting
31:59 Chain Mail Armor
33:15 Two-Man Saw
33:01 Crop Rotation
34:09 Blast Furnace
33:47 Conscription
33:32 Perfusion
36:42 Wheelbarrow
35:54 Town Watch
35:54 Elite Huskarl
38:57 Hand Cart
38:43 Town Patrol
AlpAlpx
0:26 Loom
13:10 Feudal Age
14:02 Double-Bit Axe
14:05 Horse Collar
21:03 Castle Age
19:13 Stone Mining
19:29 Gold Mining
23:52 Bow Saw
23:44 Heavy Plow
24:21 Stone Shaft Mining
26:27 Fortified Wall
26:39 Ballistics
27:31 Caravan
35:16 Imperial Age
35:12 Fletching
35:23 Padded Archer Armor
35:38 Elite Rattan Archer
37:36 Paper Money
38:46 Wheelbarrow
39:56 Chemistry
39:02 Bodkin Arrow
39:29 Leather Archer Armor
41:13 Hand Cart
41:05 Bracer
41:37 Ring Archer Armor
42:03 Thumb Ring
etlipilav4381
12:03 Feudal Age
12:35 Double-Bit Axe
13:15 Horse Collar
14:37 Gold Mining
14:38 Stone Mining
24:01 Castle Age
27:07 Bow Saw
27:17 Heavy Plow
31:13 Padded Archer Armor
31:05 Fletching
33:46 Fortified Wall
35:23 Wheelbarrow
37:59 Imperial Age
36:48 Bodkin Arrow
39:53 Yeomen
42:52 Leather Archer Armor
42:47 Bracer
El Destungador
0:34 Loom
11:55 Feudal Age
12:16 Horse Collar
12:21 Double-Bit Axe
19:12 Castle Age
17:33 Gold Mining
17:44 Stone Mining
18:37 Forging
18:40 Scale Mail Armor
20:10 Wheelbarrow
20:19 Heavy Plow
20:33 Bow Saw
28:39 Imperial Age
27:34 Hand Cart
28:20 Gold Shaft Mining
28:31 Stone Shaft Mining
29:06 Chain Mail Armor
29:27 Iron Casting
29:33 Iron Casting
29:55 Crop Rotation
30:05 Caravan
30:42 Elite Kamayuk
31:44 Conscription
32:32 Blast Furnace
32:26 Fortified Wall
33:38 Chemistry
32:49 Fabric Shields
33:24 Plate Mail Armor
33:20 Squires
33:05 Arson
37:21 Siege Engineers
Matkins
0:40 Loom
5:36 Loom
11:31 Feudal Age
12:37 Double-Bit Axe
16:57 Arson
19:24 Castle Age
18:01 Wheelbarrow
18:16 Horse Collar
18:30 Stone Mining
18:32 Gold Mining
19:57 Gambesons
20:14 Squires
20:31 Scale Mail Armor
22:27 Bow Saw
26:02 Forging
25:49 Town Watch
27:14 Caravan
30:18 Hand Cart
32:18 Chain Mail Armor
32:39 Iron Casting
35:48 Imperial Age
35:14 Heavy Plow
35:12 Fletching
36:02 Fishing Lines
37:03 Conscription
36:06 Elite Varangian Guard
36:16 Capped Ram
37:24 Town Patrol
38:31 Plate Mail Armor
37:58 Gillnets
38:56 Hoardings
39:21 Bodkin Arrow
40:26 Bracer
41:06 Ballistics
41:47 Chemistry
40:58 Masonry
40:45 Murder Holes
41:33 Elite Hearth Troop
42:17 Shield Wall
Kobe
11:49 Feudal Age
16:36 Castle Age
16:48 Double-Bit Axe
16:56 Gold Mining
19:39 Bow Saw
19:38 Horse Collar
25:15 Stone Mining
25:27 Heavy Plow
26:29 Caravan
27:23 Wheelbarrow
26:35 Loom
26:35 Town Watch
27:15 Padded Archer Armor
28:35 Hand Cart
31:58 Imperial Age
30:49 Stone Shaft Mining
31:23 Scale Barding Armor
31:29 Forging
31:56 Town Patrol
34:19 Chemistry
33:59 Iron Casting
33:46 Chain Barding Armor
33:31 Cavalier
34:13 Husbandry
34:24 Bloodlines
36:02 Ballistics
35:40 Paladin
36:50 Conscription
37:42 Blast Furnace
37:18 Plate Barding Armor
Connection lost

Rejoining the realm…

Still unreachable

The connection could not be restored.

Session expired

The server has moved on; the page needs a fresh start.